 Dungeon Crawl Stone Soup version 0.22-a0-265-g0d8bc90 (webtiles) character file.

34 puppykicker the Shooter (level 3, -3/29 HPs)
             Began as a Minotaur Arcane Marksman on Mar 6, 2018.
             Slain by a gnoll (6 damage)
             ... on level 1 of the Dungeon.
             The game lasted 00:01:43 (607 turns).

puppykicker the Shooter (Minotaur Arcane Marksman)   Turns: 607, Time: 00:01:44

Health: -3/29      AC:  2    Str: 19    XL:     3   Next: 14%
Magic:  2/3        EV: 12    Int: 11    God:
Gold:   31         SH:  0    Dex: 10    Spells: 3/4 levels left

rFire    . . .     SeeInvis .   a - +0 shortbow
rCold    . . .     Gourm    .   (shield currently unavailable)
rNeg     . . .     Faith    .   e - +0 robe
rPois    .         Spirit   .   (helmet restricted)
rElec    .         Reflect  .   (no cloak)
rCorr    .         Harm     .   (no gloves)
MR       .....                  (no boots)
Stlth    +.........             (no amulet)
HPRegen  0.09/turn              (no ring)
MPRegen  0.08/turn              (no ring)

@: mighty
A: retaliatory headbutt, horns 2
a: no special abilities


You were on level 1 of the Dungeon.
You were not hungry.

You visited 1 branch of the dungeon, and saw 1 of its levels.

You collected 31 gold pieces.


Innate Abilities, Weirdness & Mutations

You reflexively headbutt those who attack you in melee.
You have a pair of horns on your head.


   Skills:
 + Level 2.1 Fighting
 * Level 3.2 Bows
 + Level 1.4 Armour
 - Level 2.1 Dodging
 - Level 1.0 Spellcasting
 - Level 2.0 Hexes


You had 3 spell levels left.
You knew the following spells:

 Your Spells              Type           Power        Failure   Level  Hunger
a - Corona                Hex            #......      14%         1    ##.....

Inventory:

Hand Weapons
 a - a +0 shortbow (weapon)
 b - a +0 dagger
Missiles
 d - 15 arrows (quivered)
Armour
 e - a +0 robe (worn)
Potions
 c - a potion of ambrosia {unknown}
 h - a potion of heal wounds {unknown}
Comestibles
 f - a ration
 j - 10 chunks of flesh {@w1}

Dungeon Overview and Level Annotations

Branches:
Dungeon (1/15)

Altars:

#### #..# #.. ##.##
#..@## #######$g..##
#...รท....(..#
###.####(...#.[#
#####...##.....###....
##........########
#...
#....######......#
....
....#######.####.# ...
..###.....#.#..#.#


You could see a gnoll.


Message History

The gnoll is heavily wounded.
The gnoll barely misses you.
Firing (i - inventory)
d - 20 arrows (quivered)
Aim: a gnoll (heavily wounded, softly glowing)
You shoot an arrow. The arrow hits the gnoll.
The gnoll is almost dead.
The gnoll hits you.
* * * LOW HITPOINT WARNING * * *
Firing (i - inventory)
d - 19 arrows (quivered)
Aim: a gnoll (almost dead, softly glowing)
You shoot an arrow. The arrow barely misses the gnoll.
The gnoll hits you but does no damage. The gnoll barely misses you.
Firing (i - inventory)
d - 18 arrows (quivered)
Aim: a gnoll (almost dead, softly glowing)
You shoot an arrow. The arrow completely misses the gnoll.
The gnoll stops glowing.
The gnoll hits you.
* * * LOW HITPOINT WARNING * * *
Firing (i - inventory)
d - 17 arrows (quivered)
Aim: a gnoll (almost dead)
You shoot an arrow. The arrow closely misses the gnoll.
The gnoll completely misses you.
Firing (i - inventory)
d - 16 arrows (quivered)
Aim: a gnoll (almost dead)
You shoot an arrow. The arrow closely misses the gnoll.
The gnoll hits you.
* * * LOW HITPOINT WARNING * * *
You see here an arrow.
It was a potion of might.
You feel very mighty all of a sudden. The gnoll hits you.
You die...

Action                   || total
-------------------------++-------
Melee: Dagger            ||     3
 Fire: Shortbow          ||    66
 Cast: Corona            ||     1
  Use: Potion            ||     1
Armor: Robe              ||    11
Dodge: Dodged            ||    33

Vault maps used:
D:1:      ncdulo_smallfort, feat_on_display

Notes
Turn   | Place    | Note
-------+----------+-------------------------------------------
     0 | D:1      | puppykicker the Minotaur Arcane Marksman began the quest for the Orb.
     0 | D:1      | Reached XP level 1. HP: 16/16 MP: 1/1
    73 | D:1      | Reached XP level 2. HP: 15/23 MP: 2/2
   121 | D:1      | Reached skill level 1 in Armour
   138 | D:1      | Reached skill level 3 in Bows
   139 | D:1      | Reached skill level 2 in Fighting
   566 | D:1      | Reached XP level 3. HP: 26/29 MP: 3/3
   604 | D:1      | HP: 2/29 [gnoll (4)]
   607 | D:1      | Slain by a gnoll

Vanquished Creatures
  An ooze (D:1)
  A leopard gecko (D:1)
  A goblin (D:1)
  2 hobgoblins (D:1)
  9 jackals (D:1)
  2 kobolds (D:1)
  2 ball pythons (D:1)
  3 bats (D:1)
  A frilled lizard (D:1)
  2 rats (D:1)
24 creatures vanquished.
